 Seeded DCSS version 0.30.1 (webtiles) character file.

Game seed: 6351066067085065685 (custom seed)

625 Esekla the Grave Robber (level 7, -1/36 HPs)
             Began as a Deep Elf Necromancer on July 11, 2023.
             Was a Believer of Vehumet.
             Slain by an ogre
             ... wielding a +0 giant club
              (33 damage)
             ... on level 5 of the Dungeon.
             The game lasted 00:18:02 (3752 turns).

Esekla the Grave Robber (Deep Elf Necromancer)      Turns: 3752, Time: 00:18:03

Health: -1/36      AC:  4    Str:  5    XL:     7   Next: 23%
Magic:  6/17       EV: 14    Int: 22    God:    Vehumet [**....]
Gold:   195        SH:  0    Dex: 18    Spells: 9/17 levels left

rFire   . . .        a - +5 rapier of the Hero {heavy, rN+ Dex+3}
rCold   . . .        (no shield)
rNeg    + . .        n - +0 robe
rPois   .            l - +0 helmet
rElec   .            (no cloak)
rCorr   .            j - +0 pair of gloves
SInv    .            (no boots)
Will    .....        D - amulet of magic regeneration
Stlth   +++          (no ring)
HPRegen 0.26/turn    (no ring)
MPRegen 0.55/turn

%: no passive effects
@: no status effects
A: no striking features
a: Renounce Religion


You were on level 5 of the Dungeon.
You worshipped Vehumet.
Vehumet was pleased with you.
You visited 1 branch of the dungeon, and saw 5 of its levels.

You collected 195 gold pieces.

Inventory:

Hand Weapons
 a - the +5 rapier of the Hero (weapon) {heavy, rN+ Dex+3}
   (You found it on level 3 of the Dungeon)

   Dex:       It affects your dexterity (+3).
   rN:        It protects you from negative energy.
 o - a +2 vampiric dagger
 r - a +0 trident
Missiles
 s - 7 poisoned darts (quivered)
 w - a throwing net
Armour
 j - a +0 pair of gloves (worn)
 l - a +0 helmet (worn)
 n - a +0 robe (worn)
Jewellery
 D - an amulet of magic regeneration (around neck)
Wands
 t - a wand of roots (15)
 A - a wand of flame (15)
Scrolls
 c - a scroll of blinking {unknown}
 e - 2 scrolls of fear {unknown}
 f - 5 scrolls of identify {unknown}
 m - a scroll of immolation {unknown}
 p - a scroll of fog {unknown}
 u - a scroll of enchant armour {unknown}
 v - 2 scrolls of amnesia {unknown}
 x - a scroll of silence {unknown}
 y - a scroll of summoning {unknown}
 z - 2 scrolls of enchant weapon {unknown}
 B - a scroll of magic mapping {unknown}
Potions
 b - a potion of magic
 d - a potion of ambrosia {unknown}
 g - 2 potions of attraction {unknown}
 h - a potion of haste {unknown}
 i - 3 potions of curing {unknown}
 k - a potion of mutation {unknown}
 q - 2 potions of brilliance {unknown}
 C - a potion of lignification {unknown}


   Skills:
 + Level 2.4 Short Blades
 * Level 4.4 Dodging
 + Level 3.5 Stealth
 * Level 5.6 Spellcasting
 * Level 7.3 Necromancy
 * Level 2.0 Translocations


You had 9 spell levels left.
You knew the following spells:

 Your Spells              Type           Power      Damage    Failure   Level
a - Magic Dart            Conj           24%        1d4       10%         1
b - Necrotise             Necr           100%       1d9       1%          1
d - Vampiric Draining     Necr           38%        2d8       1%          3
t - Teleport Other        Tloc           15%        N/A       12%         3

Your spell library contained the following spells:

 Spells                   Type           Power      Damage    Failure   Level
 Animate Dead             Necr           38%        N/A       4%          4
 Lesser Beckoning         Tloc           30%        N/A       6%          2
 Gell's Gravitas          Tloc           15%        N/A       12%         3
 Agony                    Necr           38%        N/A       13%         5


Dungeon Overview and Level Annotations

Branches:
Dungeon (5/15)
 Temple: D:4-7

Altars:
Hepliaklqana
Okawaru
Qazlal
Trog
Vehumet
Zin
The Shining One

Shops:
D:2 =   D:4 (


Message History

The hound bites you. x2
Casting: Vampiric Draining (safe; 1% risk of failure)
Confirm with . or Enter, or press ? or * to list all spells.
Aiming: Vampiric Draining (safe; 1% risk of failure)
Press: ? - help, Shift-Dir - straight line, f - hound
Aim: a hound (almost dead)
You draw life force from the hound!
You kill the hound!
Vehumet accepts your kill.
You feel your power returning.
You feel life coursing into your body.
You barely miss the ogre. The ogre hits you with a +0 giant club!
Casting: Vampiric Draining (safe; 1% risk of failure)
Confirm with . or Enter, or press ? or * to list all spells.
Aiming: Vampiric Draining (safe; 1% risk of failure)
Press: ? - help, Shift-Dir - straight line, f - ogre
Aim: an ogre, wielding a +0 giant club You draw life force from the ogre!
You feel life coursing into your body. The ogre closely misses you.
Casting: Vampiric Draining (safe; 1% risk of failure)
Confirm with . or Enter, or press ? or * to list all spells.
Aiming: Vampiric Draining (safe; 1% risk of failure)
Press: ? - help, Shift-Dir - straight line, f/p - ogre
Aim: an ogre, wielding a +0 giant club (moderately wounded)
You draw life force from the ogre.
You feel life coursing into your body.
Casting: Vampiric Draining (safe; 1% risk of failure)
Confirm with . or Enter, or press ? or * to list all spells.
Aiming: Vampiric Draining (safe; 1% risk of failure)
Press: ? - help, Shift-Dir - straight line, f/p - ogre
Aim: an ogre, wielding a +0 giant club (heavily wounded)
You draw life force from the ogre!
You feel life coursing into your body. The ogre barely misses you.
Casting: Vampiric Draining (safe; 1% risk of failure)
Confirm with . or Enter, or press ? or * to list all spells.
Aiming: Vampiric Draining (safe; 1% risk of failure)
Press: ? - help, Shift-Dir - straight line, f/p - ogre
Aim: an ogre, wielding a +0 giant club (severely wounded)
You draw life force from the ogre.
You feel life coursing into your body.
The ogre hits you with a +0 giant club!!
Ouch! That really hurt!
You die...

#.#. #.#.##
....# #...#
#...# ....#
#.#O# #.#@#
#.#.# #.#.#
#...#
######...#
.........#
##.####.## #.#
#.#
#.#####.####.#


You could see an ogre.

Vanquished Creatures
  A black bear (D:2)
  2 scorpions (D:5)
  A gnoll bouda (D:4)
  2 hounds
  A sleepcap (D:5)
  2 iguanas
  12 gnolls
  6 adders
  A white imp (D:5)
  A worm (D:4)
  3 dart slugs
  8 orcs
  6 ball pythons
  4 bats
  4 endoplasms
  8 goblins
  5 hobgoblins
  A quokka (D:1)
  4 frilled lizards
  5 kobolds
  A rat (D:2)
78 creatures vanquished.

Notes
Turn   | Place    | Note
-------+----------+-------------------------------------------
     0 | D:1      | Esekla the Deep Elf Necromancer began the quest for the
                  | Orb.
     0 | D:1      | Reached XP level 1. HP: 10/10 MP: 6/6
    80 | D:1      | Reached skill level 5 in Necromancy
   165 | D:1      | Reached XP level 2. HP: 6/15 MP: 8/8
   337 | D:4      | Found a radiant altar of Vehumet.
   341 | D:4      | Became a worshipper of Vehumet
   431 | D:4      | Found an iron altar of Okawaru.
   480 | D:4      | Found a glowing silver altar of Zin.
   612 | D:3      | Identified the +5 rapier of the Hero {heavy, rN+ Dex+3}
   812 | D:2      | Found Renulab's Jewellery Shop.
  1058 | D:1      | Reached XP level 3. HP: 8/19 MP: 9/9
  1063 | D:1      | Learned a level 3 spell: Vampiric Draining
  1371 | D:2      | Found a faded altar of an unknown god.
  1391 | D:2      | Reached skill level 1 in Short Blades
  1391 | D:2      | Reached XP level 4. HP: 24/24 MP: 9/11
  1413 | D:2      | Noticed a black bear
  1492 | D:2      | Killed a black bear
  1493 | D:2      | Reached skill level 6 in Necromancy
  1493 | D:2      | Reached XP level 5. HP: 17/28 MP: 2/13
  1942 | D:3      | Reached * piety under Vehumet
  1942 | D:3      | Offered knowledge of Kiss of Death by Vehumet.
  2179 | D:3      | Found a stormy altar of Qazlal.
  2217 | D:3      | Found a hazy altar of Hepliaklqana.
  2219 | D:3      | Found a bloodstained altar of Trog.
  2474 | D:4      | Found a glowing golden altar of the Shining One.
  2522 | D:4      | Reached XP level 6. HP: 23/32 MP: 5/14
  2557 | D:4      | Learned a level 3 spell: Teleport Other
  2720 | D:4      | Reached skill level 5 in Spellcasting
  2886 | D:4      | Offered knowledge of Magic Dart by Vehumet.
  2888 | D:4      | Reached ** piety under Vehumet
  2892 | D:4      | Learned a level 1 spell: Magic Dart
  3091 | D:4      | Found Ponaysk's Antique Weapon Boutique.
  3286 | D:5      | Entered Level 5 of the Dungeon
  3320 | D:5      | Reached skill level 1 in Translocations
  3562 | D:5      | Reached skill level 7 in Necromancy
  3562 | D:5      | Reached XP level 7. HP: 28/36 MP: 14/17
  3752 | D:5      | Slain by an ogre

Illustrated notes

Levels and vault maps discovered:
D:1:      sevenhm_arrival_forest_fort_small_3, layout_rooms,
          chequers_serial_rivers_room_b, minmay_misc_feat_five
D:2:      layout_loops_ring, dreamdust_ecumenical_altar_angels_and_demons,
          serial_shops, shop
D:3:      layout_basic, grunt_temple_overflow_open, minmay_misc_feat_iff
D:4:      layout_basic, nicolae_overflow_quartered_altars, serial_shops,
          nicolae_diamond_shop
D:5:      layout_loops_ring, lemuel_doored_altar, minmay_misc_feat_rows,
          dreamdust_wishing_well

Skill      XL: |  1  2  3  4  5  6 |
---------------+-------------------+-----
Necromancy     | 5 6 7 |  7.3
Dodging        | 3 4 |  4.4
Short Blades   | 1 2 |  2.4
Stealth        | 3 |  3.5
Spellcasting   | 4 5 |  5.6
Translocations | 2 |  2.0

Action                     |  1- 3 |  4- 6 |  7- 9 || total
---------------------------+-------+-------+-------++-------
  Melee: Short sword       |    17 |       |       ||    17
         Unarmed           |     9 |       |       ||     9
         Rapier            |    40 |    86 |     7 ||   133
         Dagger            |    16 |       |       ||    16
         Punch             |       |     2 |       ||     2
  Throw: Dart              |       |     6 |       ||     6
   Cast: Vampiric Draining |     2 |    32 |     5 ||    39
         Magic Dart        |       |     1 |       ||     1
    Use: Potion            |       |     1 |       ||     1
   Stab: Sleeping          |     3 |     5 |     2 ||    10
 Armour: Robe              |    38 |    28 |     2 ||    68
  Dodge: Dodged            |    60 |   107 |     8 ||   175
